 Dungeon Crawl Stone Soup version 0.30-a0-381-g6ea064c7b4 (webtiles) character file.

Game seed: 8521165181477760221

3852 ytrimaz the Nimble (level 10, -16/68 HPs)
             Began as a Djinni Gladiator on Dec 1, 2022.
             Was a Priest of Ashenzari.
             Killed from afar by a wretched star (21 damage)
             ... with a lance of force
             ... on level 1 of the Abyss.
             The game lasted 00:11:47 (9234 turns).

ytrimaz the Nimble (Djinni Gladiator)               Turns: 9234, Time: 00:11:47

Health: -16/68     AC:  7    Str: 10 (11) XL:     10   Next: 41%
Gold:   310        EV: 20    Int: 13 (15) God:    Ashenzari [***...] SH:  0 Dex: 13 (14)

rFire   + + +      SeeInvis +    E - +0 hand axe of Iconoclasm {spect, rC+ SInv}
rCold   . . .      Faith    .    (no shield)
rNeg    + . .      Spirit   .    b - +0 leather armour
rPois   ∞          Reflect  .    c - +1 helmet of the Unyielding Gaze {Range, Self} (curse)
rElec   .          Harm     .    s - +1 cloak of Starlight {*Dazzle EV+4 Stlth--, Self, Melee} (curse)
rCorr   .          Rampage  .    (no gloves)
Will    +....      Clarity  +    (boots unavailable)
Stlth   ..........               (no amulet)
HPRegen 0.31/turn                h - ring of the Ensconced Heavens {rF+, Evo, Melee} (curse)
MPRegen 0.00/turn                a - ring of the Chained Planets {rN+, Melee, Self} (curse)

@: flying, studying Armour, unable to read
A: sickness immunity, fire resistance 2, cold vulnerability 1, float, innate
caster, HP casting, extra vitality 1, screaming 1, weak 1, [deterioration 2],
[frail 2], [inability to read after injury 2]
a: Renounce Religion, Shatter the Chains


You were on level 1 of the Abyss.
You worshipped Ashenzari.
Ashenzari was most pleased with you.
You visited 2 branches of the dungeon, and saw 10 of its levels.
You visited the Abyss 1 time.

You collected 466 gold pieces.
You spent 156 gold pieces at shops.


Innate Abilities, Weirdness & Mutations

You are immune to sickness and miasma.
You are immune to poison.
Your flesh is very heat resistant. (rF++)
You are vulnerable to cold. (rC-)
You float through the air rather than walking.
You learn spells naturally, not from books.
Your magical power is your life essence.
You have superior vitality. (+4 MHP)
You occasionally shout uncontrollably at your foes.
You are weak. (Str -2)
[Your body often deteriorates upon taking damage.]
[You are very frail. (-20% HP)]
[You sometimes lose the ability to read scrolls when taking damage.]


   Skills:
 + Level 10.2(13.4) Fighting
 + Level 0.4(2.6) Axes
 - Level 3.2(6.0) Maces & Flails
 - Level 1.5(2.7) Throwing
 + Level 11.4 Dodging


You had one spell level left.
You knew the following spells:

 Your Spells              Type           Power      Damage    Failure   Level
a - Sting                 Tmut/Pois      4%         1d3       32%         1
b - Static Discharge      Conj/Air       2%         2-3/arc   45%         2
c - Teleport Other        Tloc           1%         N/A       69%         3
d - Mephitic Cloud        Conj/Pois/Air  1%         N/A       69%         3
Your spell library was empty.

Inventory:

Hand Weapons
 B - a +0 vorpal dire flail
   (You took it off Edmund on level 4 of the Dungeon)
 E - the +0 hand axe of Iconoclasm (weapon) {spect, rC+ SInv}
   (You found it on level 6 of the Dungeon)

   When its wielder attacks, the weapon's spirit leaps out and strikes again.
   The spirit shares a part of any damage it takes with its wielder.
   rC:        It protects you from cold.
   SInv:      It lets you see invisible.
Missiles
 d - 5 throwing nets
 e - 3 javelins
Armour
 b - a +0 leather armour (worn)
 c - the cursed +1 helmet of the Unyielding Gaze (worn) {Range, Self}

   It has a curse which improves the following skills: Ranged Combat: Ranged
   Weapons and Throwing.
   Introspection: Fighting and Spellcasting.
 s - the cursed +1 cloak of Starlight (worn) {*Dazzle EV+4 Stlth--, Self, Melee}
   (You acquired it on level 3 of the Dungeon)

   It may blind those who miss an attack against the wearer in melee combat.
   EV:        It affects your evasion (+4).
   Stlth:     It makes you much less stealthy.
   It has a curse which improves the following skills: Introspection: Fighting
   and Spellcasting.
   Melee Combat: Short Blades, Long Blades, Axes, Maces & Flails, Polearms,
   Staves and Unarmed Combat.
Jewellery
 a - the cursed ring of the Chained Planets (right hand) {rN+, Melee, Self}
   (You found it on level 8 of the Dungeon)

   [ring of positive energy]

   rN:        It protects you from negative energy.
   It has a curse which improves the following skills: Melee Combat: Short
   Blades, Long Blades, Axes, Maces & Flails, Polearms, Staves and Unarmed
   Combat.
   Introspection: Fighting and Spellcasting.
 h - the cursed ring of the Ensconced Heavens (left hand) {rF+, Evo, Melee}
   (You found it on level 1 of the Dungeon)

   [ring of protection from fire]

   rF:        It protects you from fire.
   It has a curse which improves the following skills: Evocations: Evocations.
   Melee Combat: Short Blades, Long Blades, Axes, Maces & Flails, Polearms,
   Staves and Unarmed Combat.
Wands
 k - a wand of flame (15)
   (You found it on level 2 of the Dungeon)
 m - a wand of charming (13)
   (You found it on level 2 of the Dungeon)
 u - a wand of mindburst (9)
   (You found it on level 3 of the Dungeon)
 v - a wand of roots (7)
   (You found it on level 3 of the Dungeon)
 z - a wand of quicksilver (14)
   (You found it on level 4 of the Dungeon)
Scrolls
 o - 4 scrolls of teleportation
 r - 3 scrolls of butterflies
 t - 2 scrolls of blinking
 x - 3 scrolls of enchant armour
 A - a scroll of magic mapping
 C - a scroll of vulnerability
Potions
 f - 2 potions of mutation
 g - a potion of haste
 i - a potion of might
 j - 2 potions of brilliance
 l - 2 potions of attraction
 n - 3 potions of flight
 p - 2 potions of ambrosia
 q - 2 potions of magic
 w - 4 potions of curing

Dungeon Overview and Level Annotations

Branches:
Dungeon (9/15) Zot: 26218  Temple (1/1) D:4 Zot: 5942
   Lair: D:8-11         Orc: D:9-12

Altars:
Ashenzari
Cheibriados
Dithmenos
Elyvilon
Fedhas
Gozag
Hepliaklqana
Makhleb
Nemelex Xobeh
Okawaru
Ru
Trog
Uskayaw
Wu Jian
Yredelemnul
Zin

Shops:
D:2 :[*?(   D:4 *   D:7 ?   D:8 [

Annotations:
D:5 1 runed translucent door, Crazy Yiuf
D:8 Maggie

* ,* ,, , *
, . . # *
##,*, * . ,
..# ** ** ,
# ...* #*
,, # .
,##..#####
* . ,
#∩......###
* * ###.#3
#.#.###.#.#
* _. .. ,
#.@..#, * .
.##.##*#.#,
,,* , *
#.....∩.#.#
*,* . ,###
###.#.#* ,
. #.. , *
*. . ##..
.* , , ..,
, . #. ,
,*.. , ...
.., , *
*.###, ,


You could see a wretched star.


Message History

You barely miss the neqoxec.
Your +0 hand axe of Iconoclasm {spect, rC+ SInv} hits the neqoxec but does no damage.
The neqoxec closely misses you. 😮 HP[+1] Unknown command.
You closely miss the neqoxec.
Your +0 hand axe of Iconoclasm {spect, rC+ SInv} hits the neqoxec.
The neqoxec hits your +0 hand axe of Iconoclasm {spect, rC+ SInv} but does no damage.
The neqoxec hits your +0 hand axe of Iconoclasm {spect, rC+ SInv}!
Your spectral weapon shares its damage with you! 😮 HP[-5]
You take 5 damage, and now have 57/86 hp.
Unknown command.
You barely miss the neqoxec.
Your +0 hand axe of Iconoclasm {spect, rC+ SInv} hits the neqoxec!
The neqoxec gestures at you.
Strange energies course through your body.
You feel the urge to shout.
You barely miss the neqoxec.
Your +0 hand axe of Iconoclasm {spect, rC+ SInv} closely misses the neqoxec.
The neqoxec closely misses you.
The neqoxec is temporarily struck blind! 😮 HP[+1] Unknown command.
You completely miss the neqoxec.
Your +0 hand axe of Iconoclasm {spect, rC+ SInv} barely misses the neqoxec.
The neqoxec misses you.
You closely miss the neqoxec.
Your +0 hand axe of Iconoclasm {spect, rC+ SInv} hits the neqoxec!
You kill the neqoxec! 😮 HP[+1] Unknown command.
You swap places.
You start resting.
Key pressed, stopping explore.
Unknown command. 😕 HP[+14]
You regained 14 hp, and now have 73/86 hp.
A wretched star comes into view. 😕 HP[+4]
You regained 4 hp, and now have 77/86 hp.
A wretched star is nearby!
A wretched star is nearby!
Unknown command.
Okay, then. 😕 HP[+1]
You hit the wretched star but do no damage.
Your +0 hand axe of Iconoclasm {spect, rC+ SInv} closely misses the wretched star.
The wretched star pulses with an eldritch light!
You feel yourself wasting away.
You feel your body start to fall apart.
Unknown command.
You hit the wretched star.
Your +0 hand axe of Iconoclasm {spect, rC+ SInv} barely misses the wretched star.
The wretched star pulses with an eldritch light!
You occasionally lose the ability to read scrolls when taking damage.
You lose the ability to read scrolls when taking damage more often.
You hit the wretched star.
Your +0 hand axe of Iconoclasm {spect, rC+ SInv} barely misses the wretched star.
The wretched star glows turbulently.
The lance of force misses you.
The wretched star glows turbulently.
The lance of force hits you!!
Your body deteriorates!
You feel clumsy.
You are knocked back by the lance of force. 😮 HP[-18]
You take 18 damage, and now have 60/86 hp.
MASSIVE DAMAGE!! (PAUSE)
The wretched star pulses with an eldritch light!
You feel frail. x2
Unknown command. 😕 HP[+1]
You now have 68 max hp (-18).
The wretched star glows turbulently.
The lance of force hits you!
Your body deteriorates!
You feel dopey.
You are knocked back by the lance of force.
You slam into the rock wall!
You feel threatened and lose the ability to read scrolls!
* * * LOW HITPOINT WARNING * * *
Your body deteriorates!
You feel weakened. 😨 HP[-38]
You take 38 damage, and now have 23/68 hp.
MASSIVE DAMAGE!! (PAUSE)
The wretched star glows turbulently.
The lance of force hits you!
* * * LOW HITPOINT WARNING * * *
Your body deteriorates!
You feel dopey.
You are knocked back by the lance of force.
You slam into the rock wall!
* * * LOW HITPOINT WARNING * * *
😱 HP[-19]
You take 19 damage, and now have 4/68 hp.
MASSIVE DAMAGE!! (PAUSE)
The wretched star glows turbulently.
The lance of force misses you. 😱 HP[+1] Unknown command.
The wretched star glows turbulently.
The lance of force hits you!!
You die...

Skill      XL: |  1  2  3  4  5  6  7  8  9 10 |
---------------+-------------------------------+-----
Dodging        | 4 5 6 7 8 10 11 | 11.4
Maces & Flails | 3 |  3.2
Fighting       | 3 4 5 7 9 10 | 10.2
Axes           | |  0.4
Throwing       | |  1.5

Action                   |  1- 3 |  4- 6 |  7- 9 | 10-12 || total
-------------------------+-------+-------+-------+-------++-------
Melee: Flail             |    66 |   127 |   190 |       ||   383
       Punch             |     1 |     1 |    10 |     2 ||    14
       Hand axe          |       |       |   173 |   102 ||   275
 Cast: Sting             |       |       |     1 |       ||     1
Invok: Curse Item        |       |       |     3 |     1 ||     4
  Use: Scroll            |     7 |     6 |     1 |     2 ||    16
       Potion            |       |     2 |     2 |     3 ||     7
 Stab: Sleeping          |     2 |       |       |       ||     2
       Invisible         |       |     4 |    31 |    12 ||    47
       Distracted        |       |       |     3 |       ||     3
Armor: Leather armour    |    28 |    29 |    66 |    13 ||   136
       Skin              |       |       |    34 |       ||    34
Dodge: Dodged            |    45 |   149 |   432 |   182 ||   808

Levels and vault maps discovered:
D:1:      mrwooster_arrival_arrow, layout_loops_ring
D:2:      layout_loops_ring, serial_bayou, serial_bayou_pond_d,
          serial_bayou_pond_c, serial_bayou_pond_d, serial_bayou_lagoon_a,
          serial_bayou_crossing, serial_bayou_pond_a, serial_shops, shop,
          nicolae_shop_crystal, shop, shop, nicolae_diamond_shop,
          amcnicky_mini_pool_small
D:3:      layout_basic, nicolae_dithmenos_through_a_glass_darkly,
          grunt_gozag_breadcrumbs, minmay_vboxes
D:4:      layout_loops_cross, lemuel_crystal_altar,
          nicolae_sif_muna_little_library, nicolae_hepliaklqana_hazy_memory,
          minmay_temple_entry_junction, serial_shops, nicolae_shop_trees,
          uniq_edmund
D:5:      wad_crossroads, layout_loops_cross, uniq_crazy_yiuf_cottage,
          uniq_eustachio
D:6:      layout_basic, dancing_weapons_uskayaw, uniq_grinder
D:7:      layout_loops_ring, serial_shops, nicolae_shop_trees,
          grunt_ministairs_14
D:8:      layout_loops_cross, serial_shops, nicolae_lakefront_shop, uniq_maggie
D:9:      hellmonk_crumbling_castle, layout_basic,
          nicolae_qazlal_eye_of_the_storm, tso_oasis_becter
Temple:   cyrus_circular_temple
Abyss:1:  base:
D:6

Notes
Turn   | Place    | Note
-------+----------+-------------------------------------------
     0 | D:1      | ytrimaz the Djinni Gladiator began the quest for the Orb.
     0 | D:1      | Reached XP level 1. HP: 18/18 MP: 0/0
     0 | D:1      | magus.rc [v1.9.6]
   180 | D:1      | Reached XP level 2. HP: 11/23 MP: 0/0
   764 | D:2      | Reached XP level 3. HP: 28/29 MP: 0/0
   764 | D:2      | Learned a level 1 spell: Sting
   766 | D:2      | Found Yteare's Weapon Shoppe.
   895 | D:2      | Found Myxkaf's Magic Scroll Shoppe.
   903 | D:2      | Bought a scroll of identify for 26 gold pieces
   903 | D:2      | Bought a scroll of teleportation for 39 gold pieces
  1001 | D:2      | Found Igiatili's Antique Armour Shoppe.
  1011 | D:2      | Found Kumoptich's Book Emporium.
  1266 | D:2      | Found Juuw's Assorted Antiques.
  1597 | D:3      | Reached skill level 4 in Dodging
  1600 | D:3      | Reached XP level 4. HP: 29/34 MP: 0/0
  1603 | D:3      | Identified the -2 pair of boots of Altruism {rElec rC+}
  1732 | D:3      | Identified a scroll of acquirement
  1737 | D:3      | Reached skill level 3 in Maces & Flails
  1857 | D:3      | Acquired the +1 cloak of Starlight {*Dazzle EV+4 Stlth--}
  1857 | D:3      | Found the +1 cloak of Starlight {*Dazzle EV+4 Stlth--}
  1949 | D:3      | Found a shadowy altar of Dithmenos.
  2032 | D:3      | Found an opulent altar of Gozag.
  2206 | D:4      | Found Itoru's General Store.
  2223 | D:4      | Reached skill level 3 in Fighting
  2290 | D:4      | Found a staircase to the Ecumenical Temple.
  2294 | D:4      | Reached XP level 5. HP: 40/40 MP: 0/0
  2294 | D:4      | Learned a level 2 spell: Static Discharge
  2306 | Temple   | Entered the Ecumenical Temple
  2391 | D:4      | Found a broken altar of Ashenzari.
  2396 | D:4      | Found a hazy altar of Hepliaklqana.
  2409 | D:4      | Became a worshipper of Ashenzari the Shackled
  2469 | D:2      | Bought a twisted robe for 91 gold pieces
  2469 | D:2      | Identified the +0 robe of Pathos {Rampage rF+} (You bought
                  | it in a shop on level 2 of the Dungeon)
  2585 | D:4      | HP: 10/40 [acid (1)]
  2613 | D:4      | HP: 10/40 [ball python (2)]
  2755 | D:4      | Noticed Edmund
  2764 | D:4      | Killed Edmund
  2765 | D:4      | Reached skill level 4 in Fighting
  2765 | D:4      | Reached skill level 5 in Dodging
  2765 | D:4      | Reached XP level 6. HP: 18/47 MP: 0/0
  2802 | D:3      | HP: 9/47 [acid (4)]
  3247 | D:4      | HP: 11/48 [gnoll/+0 spear[a gnoll bouda] (8)]
  3768 | D:5      | Entered Level 5 of the Dungeon
  3802 | D:5      | Noticed a water moccasin
  3815 | D:5      | Killed a water moccasin
  3816 | D:5      | Reached skill level 5 in Fighting
  3816 | D:5      | Reached skill level 6 in Dodging
  3816 | D:5      | Reached XP level 7. HP: 54/54 MP: 0/0
  3816 | D:5      | Learned a level 3 spell: Teleport Other
  3947 | D:5      | Noticed Eustachio
  3977 | D:5      | Killed Eustachio
  4307 | D:5      | Reached skill level 7 in Dodging
  4307 | D:5      | Reached XP level 8. HP: 40/61 MP: 0/0
  4419 | D:5      | Reached skill level 6 in Fighting
  4853 | D:5      | Found a runed translucent door.
  4854 | D:5      | Noticed Crazy Yiuf
  4922 | D:6      | Noticed a +0 dagger
  4923 | D:6      | Found a hide-covered altar of Uskayaw.
  4923 | D:6      | Identified the +0 hand axe of Iconoclasm {spect, rC+ SInv}
  4923 | D:6      | Noticed a +0 dagger
  5024 | D:6      | Acquired a manual of Armour
  5072 | D:6      | Noticed Grinder
  5101 | D:6      | Killed Grinder
  5102 | D:6      | Reached skill level 7 in Fighting
  5102 | D:6      | Reached skill level 8 in Dodging
  5746 | D:6      | Reached XP level 9. HP: 58/70 MP: 0/0
  5746 | D:6      | Learned a level 3 spell: Mephitic Cloud
  6077 | D:7      | Reached skill level 9 in Dodging
  6129 | D:7      | Reached * piety under Ashenzari
  6140 | D:7      | Reached skill level 8 in Fighting
  6859 | D:7      | Identified the cursed +1 helmet of the Unyielding Gaze
                  | {Range, Self}
  7030 | D:7      | Found Ocarch's Magic Scroll Shop.
  7042 | D:7      | Reached ** piety under Ashenzari
  7318 | D:8      | Reached skill level 9 in Fighting
  7318 | D:8      | Reached skill level 10 in Dodging
  7326 | D:8      | Reached XP level 10. HP: 40/83 MP: 0/0
  7579 | D:8      | Noticed a tengu warrior
  7642 | D:8      | Reached skill level 11 in Dodging
  7853 | D:8      | Reached skill level 10 in Fighting
  7879 | D:8      | Reached *** piety under Ashenzari
  7967 | D:8      | Found Jomuqoe's Armour Boutique.
  8256 | D:8      | Noticed Maggie
  8648 | D:9      | HP: 20/86 [gnoll bouda/+0 whip (4)]
  8654 | D:9      | HP: 8/86 [gnoll/+4 spear[a gnoll bouda] (4)]
  8772 | D:9      | HP: 18/86 [gnoll/+0 halberd[a gnoll bouda] (8)]
  9079 | D:8      | You are cast into the Abyss!
  9079 | Abyss:1  | Cast into level 1 of the Abyss (gnoll sergeant)
  9081 | Abyss:1  | Found a corrupted altar of Lugonu.
  9161 | Abyss:1  | Gained mutation: You are weak. (Str -2) [a neqoxec]
  9165 | Abyss:1  | Gained mutation: You occasionally shout uncontrollably at
                  | your foes. [a neqoxec]
  9222 | Abyss:1  | Noticed a wretched star
  9232 | Abyss:1  | HP: 10/68 [wretched star/lance of force (13)]
  9232 | Abyss:1  | HP: 4/68 [rock wall collision (6)]
  9234 | Abyss:1  | Killed from afar by a wretched star

Vanquished Creatures
  Grinder (D:6)
  6 yaks (D:8)
  Eustachio (D:5)
  A neqoxec (Abyss:1)
  Edmund (D:4)
  A water moccasin (D:5)
  An ice beast (D:7)
  An orc warrior (D:8)
  A black bear (D:8)
  2 centaurs
  A phantom (D:5)
  A kobold brigand (D:5)
  2 bullfrogs
  2 necrophages (D:6)
  2 scorpions
  8 wights
  4 killer bees (D:7)
  2 orc priests (D:8)
  A gnoll bouda (D:4)
  7 hounds
  2 jellies
  5 iguanas
  An orc wizard (D:8)
  6 gnolls
  3 adders
  A white imp (D:7)
  An ufetubus (D:4)
  2 dart slugs
  23 orcs
  2 bats
  4 endoplasms
  5 giant cockroaches
  8 goblins
  A hobgoblin (D:3)
  3 jackals (D:4)
  11 kobolds
  3 quokkas
  10 ball pythons
  2 frilled lizards
  2 rats (D:3)
141 creatures vanquished.

Vanquished Creatures (collateral kills)
  A ball python (D:1)
1 creature vanquished.

Vanquished Creatures (others)
  A sky beast (D:8)
  2 plants
3 creatures vanquished.

Grand Total: 145 creatures vanquished

Table legend:
 A = Non-vault XP
 B = Vault XP
 C = Vault XP percentage of total XP
 D = Non-vault monster count
 E = Vault monster count
 F = Vault count percentage of total count
                 A         B        C        D         E       F
            +---------+---------+-------+---------+---------+-------
      Total |    4760 |     743 |  13.5 |     128 |      15 |  10.5
            +---------+---------+-------+---------+---------+-------
        D:1 |      25 |       0 |   0.0 |      15 |       0 |   0.0
        D:2 |      24 |       0 |   0.0 |       8 |       0 |   0.0
        D:3 |      76 |       5 |   6.2 |      13 |       3 |  18.8
        D:4 |     198 |     162 |  45.0 |      22 |       1 |   4.3
        D:5 |     525 |     217 |  29.2 |      13 |       5 |  27.8
        D:6 |     639 |     254 |  28.4 |      12 |       1 |   7.7
        D:7 |     921 |     105 |  10.2 |      13 |       5 |  27.8
        D:8 |    2136 |       0 |   0.0 |      29 |       0 |   0.0
        D:9 |      29 |       0 |   0.0 |       2 |       0 |   0.0
    Abyss:1 |     187 |       0 |   0.0 |       1 |       0 |   0.0
            +---------+---------+-------+---------+---------+-------

Illustrated notes

Table legend:
 A = Kills in this place as a percentage of kills in entire the game.
 B = Kills by you in this place as a percentage of kills by you in the entire game.
 C = Kills by friends in this place as a percentage of kills by friends in the entire game.
 D = Other kills in this place as a percentage of other kills in the entire game.
 E = Experience gained in this place as a percentage of experience gained in the entire game.
 F = Experience gained in this place divided by the number of levels of this place that you have seen.
                   A       B       C       D       E      F
               +-------+-------+-------+-------+-------+----------------------
         Total | 100.0 | 100.0 | 100.0 | 100.0 | 100.0 | 500.3
       Dungeon |  99.3 |  99.3 | 100.0 | 100.0 |  96.6 | 590.7
         Abyss |   0.7 |   0.7 |   0.0 |   0.0 |   3.4 | 187.0
               +-------+-------+-------+-------+-------+----------------------

Table legend: (Time is in decaauts)
 A = Elapsed time spent in this place.
 B = Non-inter-level travel time spent in this place.
 C = Inter-level travel time spent in this place.
 D = Time resting spent in this place.
 E = Time spent auto-exploring this place.
 F = Levels seen in this place.
 G = Mean time per level.
                   A        B        C        D        E       F      G
               +--------+--------+--------+--------+--------+-----+--------+
         Total |   9354 |   8924 |    430 |   1324 |   5986 |  11 |  850.4 |
       Dungeon |   9139 |   8717 |    422 |   1222 |   5930 |   9 | 1015.4 |
        Temple |     57 |     49 |      8 |      0 |     40 |   1 |   57.0 |
         Abyss |    157 |    157 |      0 |    102 |     16 |   1 |  157.0 |
               +--------+--------+--------+--------+--------+-----+--------+

Top non-repeatable levels by time:
     D:7: 1790 daAuts
     D:8: 1244 daAuts
     D:3: 1193 daAuts
     D:6: 1174 daAuts
     D:5: 1141 daAuts
     D:4: 942 daAuts
     D:2: 836 daAuts
     D:1: 766 daAuts
 Abyss:1: 157 daAuts
  Temple: 57 daAuts
     D:9: 48 daAuts
